Map: Data-C

Players

A.I. 1 (Very Easy) - Winner!

  • Race: Terran Terran
  • Spawn Location: 3:00

Eleven

  • Race: Zerg Zerg
  • League: Master
  • Spawn Location: 9:00

VOD

Have the link to the VOD?

Description

Time

  • Played on: Jan. 15, 2023, 9:51 p.m.
  • Length: 5:06
Show
View Real Time Build Order
Export as new Build Order

A.I. 1 (Very Easy) Terran - Winner!

Build Orders: Reaper Expand 

Get SALT Encoding   

  12  0:00  SCV  
  13  0:13  SCV  
  14  0:18  Supply Depot  
  14  0:43  Barracks  
  14  1:02  Command Center  
  14  1:32  Orbital Command, Marine  
  15  1:33  Supply Depot  
  15  1:37  Refinery  
  15  1:50  Refinery  
  15  1:58  SCV  
  16  2:10  SCV  
  16  2:15  SCV  
  18  2:18  Reaper  
  20  2:22  SCV  
  20  2:29  SCV  
  21  2:36  SCV  
  22  2:43  SCV  
  23  2:50  SCV  
  24  2:58  SCV  
  25  3:03  Refinery  
  25  3:05  Marine, SCV  
  28  3:12  SCV  
  28  3:20  SCV  
  28  3:23  Factory  
  29  3:45  Refinery  
  29  3:46  SCV  
  30  3:52  Marine  
  30  3:53  SCV  
  32  3:59  Supply Depot  
  32  4:00  SCV  
  33  4:07  SCV  
  33  4:09  Starport  
  34  4:11  Barracks Tech Lab  
  34  4:14  SCV  
  35  4:22  SCV  
  36  4:29  SCV  
  37  4:33  Supply Depot  
  37  4:36  SCV  
  38  4:40  Marauder  
  38  4:43  SCV  
  41  4:47  Starport Tech Lab  
  41  4:50  SCV  
Show
View Real Time Build Order
Export as new Build Order

Eleven Zerg 

Build Orders: Hatch First 

Get SALT Encoding   

  12  0:01  Drone  
  13  0:12  Overlord  
  13  0:17  Drone  
  14  0:30  Drone x2  
  14  0:34  Drone  
  17  0:53  Hatchery  
  17  0:54  Drone  
  17  0:58  Drone  
  18  1:09  Extractor  
  17  1:12  Spawning Pool  
  17  1:16  Drone  
  17  1:19  Drone  
  18  1:28  Drone  
  19  1:39  Drone  
  20  1:49  Drone  
  21  2:01  Zergling x2  
  22  2:04  Queen x2  
  22  2:05  Zergling x2  
  27  2:14  Hatchery  
  26  2:18  Overlord  
  26  2:23  Drone  
  26  2:27  Drone  
  28  2:36  Metabolic Boost  
  28  2:38  Drone  
  28  2:39  Drone x2  
  31  2:45  Overlord  
  31  2:50  Queen  
  33  2:55  Drone  
  33  2:56  Drone  
  35  3:00  Drone  
  35  3:04  Overlord  
  36  3:10  Drone  
  37  3:15  Drone x2  
  37  3:16  Drone  
  40  3:22  Drone, Overlord  
  41  3:28  Queen  
  41  3:31  Queen  
  41  3:33  Drone  
  46  3:35  Drone x2  
  46  3:37  Drone  
  46  3:40  Overlord  
  49  3:43  Drone  
  50  3:49  Drone, Baneling Nest  
  50  3:52  Drone  
  50  3:53  Drone  
  52  3:58  Drone  
  52  3:59  Drone x3  
  52  4:00  Drone x2  
  52  4:02  Drone  
  59  4:07  Queen  
  61  4:10  Drone  
  61  4:11  Drone x2  
  61  4:15  Queen  
  66  4:17  Drone  
  66  4:19  Drone  
  68  4:24  Evolution Chamber  
  68  4:26  Evolution Chamber, Overlord  
  68  4:27  Zergling x2  
  68  4:28  Zergling x2  
  68  4:30  Zergling x2  
  69  4:33  Zergling x6  
  72  4:39  Zergling x4  
  72  4:41  Overlord  
  72  4:45  Zergling x10  
Tags
 
Add a new tag
Caveats
  • Supply blocks, unpowered buildings, or Contaminate may cause inaccurate times.
  • Supply counts are checked every 10 seconds.